 Dungeon Crawl Stone Soup version 0.29-a0-866-g0545e20025 (webtiles) character file.

Game seed: 14025300193776944645

30 Glafi the Covered (level 3, 0/24 HPs)
             Began as a Gargoyle Fighter on July 17, 2022.
             Slain by a shadow imp (2 damage)
             ... summoned by Natasha
             ... on level 1 of the Dungeon.
             The game lasted 00:04:45 (1454 turns).

Glafi the Covered (Gargoyle Fighter)                Turns: 1454, Time: 00:04:46

Health: 0/24       AC: 10    Str: 21    XL:     3   Next: 20%
Magic:  3/3        EV:  9    Int:  8    God:
Gold:   133        SH:  4    Dex:  9    Spells: 2/2 levels left

rFire   . . .      SeeInvis .   a - +0 flail
rCold   . . .      Faith    .   c - +0 buckler
rNeg    + . .      Spirit   .   b - +0 scale mail
rPois   ∞          Reflect  .   (no helmet)
rElec   +          Harm     .   (no cloak)
rCorr   .          Rampage  .   (no gloves)
Will    .....                   (no boots)
Stlth   ..........              (no amulet)
HPRegen 0.08/turn               (no ring)
MPRegen 0.08/turn               (no ring)

@: slowed, very slow
A: sickness immunity, AC +3, negative energy resistance 1, electricity
resistance, torment resistance 1, petrification resistance
a: no special abilities


You were on level 1 of the Dungeon.
You visited 1 branch of the dungeon, and saw 2 of its levels.

You collected 133 gold pieces.

Inventory:

Hand Weapons
 a - a +0 flail (weapon)
Missiles
 j - a throwing net (quivered)
Armour
 b - a +0 scale mail (worn)
 c - a +0 buckler (worn)
Scrolls
 e - 3 scrolls of teleportation {unknown}
 g - a scroll of blinking {unknown}
 h - a scroll of identify {unknown}
 l - a scroll of amnesia {unknown}
Potions
 d - a potion of might
 f - 3 potions of degeneration {unknown}
 i - a potion of heal wounds {unknown}
 k - a potion of brilliance {unknown}


   Skills:
 * Level 3.7 Fighting
 - Level 2.4 Maces & Flails
 + Level 3.7 Armour
 + Level 3.6 Shields


You had 2 spell levels left.
You didn't know any spells.
Your spell library was empty.

Dungeon Overview and Level Annotations

Branches:
Dungeon (2/15)

Altars:

Shops:
D:1 (

Annotations:
D:1 Natasha


Innate Abilities, Weirdness & Mutations

You are immune to sickness and miasma.
Your stone body is resilient. (AC +3)
You are immune to poison.
You resist negative energy. (rN+)
You are resistant to electric shocks. (rElec)
You are resistant to unholy torment.
You are immune to petrification.


Message History

Natasha claws you. Natasha claws you but does no damage.
You barely miss Natasha.
Natasha is severely wounded.
Natasha casts a spell at you.
The magic dart hits you but does no damage.
Natasha stares at you and mumbles some strange words.
The magic dart hits you.
You closely miss Natasha.
Natasha is severely wounded.
Natasha wildly gestures.
You feel troubled. You block Natasha's attack. Natasha barely misses you.
You hit Natasha.
Natasha is severely wounded.
Natasha claws you. Natasha casts a spell at you.
You feel as though you will be slow longer.
You closely miss Natasha.
Natasha is severely wounded.
Natasha mumbles some strange words.
Natasha's front paws start to glow.
Natasha claws you.
Natasha wildly gestures.
You feel troubled.
Natasha mumbles some strange words.
You closely miss Natasha.
Natasha is severely wounded.
Natasha claws you but does no damage. The shadow imp barely misses you.
Natasha casts a spell at you.
You feel as though you will be slow longer.
You block the shadow imp's attack.
You hit Natasha.
Natasha is almost dead.
Natasha claws you but does no damage. The shadow imp gestures at you.
Pain shoots through your body!
* * * LOW HITPOINT WARNING * * *
Natasha stares at you and mumbles some strange words.
You resist with significant effort. The shadow imp hits you.
You die...

####.≈≈.≈≈#..#.##...#......#
.....≈≈≈≈≈#....###..##.#####
......≈≈≈♣#.#...##.....#
.#'###≈≈≈♣#.#...##...#.#
.#.#<#≈≈≈♣#.##..##...###
.#.#'#≈≈♣♣#.##...#...#
♣#...##≈♣ #.##...#.[.#
♣#....###
#.###h.#...######### ♣#..<.#
#.# #5@....##......# ♣######
#.#######..#..P....####
#......#.......∩P......
######.#.####.P.P.###.#
#.#.#.(.......##.#
#.#.#.#######.##.#
#...#.#.....#.##.#
#####.#.#.#.#.##.#
#.#.#.#.#.....


You could see Natasha and a shadow imp (summoned).

Vanquished Creatures
  A worm (D:2)
  3 endoplasms
  6 hobgoblins
  2 kobolds
  6 ball pythons
  4 bats
  A goblin (D:1)
  4 rats
27 creatures vanquished.

Notes
Turn   | Place    | Note
-------+----------+-------------------------------------------
     0 | D:1      | Glafi the Gargoyle Fighter began the quest for the Orb.
     0 | D:1      | Reached XP level 1. HP: 14/14 MP: 1/1
   124 | D:1      | Reached XP level 2. HP: 16/19 MP: 2/2
   362 | D:1      | Found Bonwa's Antique Weapon Boutique.
  1060 | D:2      | Noticed Natasha
  1071 | D:2      | Noticed a crimson imp
  1150 | D:2      | Reached XP level 3. HP: 23/23 MP: 3/3
  1454 | D:1      | Slain by a shadow imp

Illustrated notes

Levels and vault maps discovered:
D:1:      sevenhm_arrival_forest_fort_small_5, layout_basic, serial_shops,
          nicolae_shop_overgrown_old_shop
D:2:      layout_rooms, serial_undead, serial_undead_f, serial_undead_e,
          serial_undead_f, serial_undead_c, uniq_natasha

Action                   || total
-------------------------++-------
Melee: Flail             ||    92
Armor: Scale mail        ||    69
Dodge: Dodged            ||    63
Block: Buckler           ||    30

Table legend: (Time is in decaauts)
 A = Elapsed time spent in this place.
 B = Non-inter-level travel time spent in this place.
 C = Inter-level travel time spent in this place.
 D = Time resting spent in this place.
 E = Time spent auto-exploring this place.
 F = Levels seen in this place.
 G = Mean time per level.
                   A        B        C        D        E       F      G
               +--------+--------+--------+--------+--------+-----+--------+
         Total |   1496 |   1428 |     68 |    310 |    832 |   2 |  748.0 |
       Dungeon |   1496 |   1428 |     68 |    310 |    832 |   2 |  748.0 |
               +--------+--------+--------+--------+--------+-----+--------+

Top non-repeatable levels by time:
     D:1: 1288 daAuts
     D:2: 207 daAuts
